 Dungeon Crawl Stone Soup version 0.21.1-1-g345015f (webtiles) character file.

6973 Monsterracer the Cleaver (level 10, -6/92 HPs)
             Began as a Deep Dwarf Fighter on June 3, 2018.
             Was a Believer of Makhleb.
             Mangled by a ten-headed hydra (7 damage)
             ... on level 1 of the Lair of Beasts.
             The game lasted 00:05:54 (4703 turns).

Monsterracer the Cleaver (Deep Dwarf Fighter)       Turns: 4703, Time: 00:05:55

Health: -6/92      AC: 16    Str: 29    XL:     10   Next: 81%
Magic:  3/3        EV: 10    Int:  8    God:    Makhleb [**....]
Gold:   434        SH:  0    Dex: 12    Spells: 9/9 levels left

rFire    + . .     SeeInvis .   A - +0 battleaxe (venom) (curse)
rCold    . . .     Gourm    .   (shield currently unavailable)
rNeg     . . .     Faith    .   v - +0 plate armour
rPois    .         Spirit   .   (no helmet)
rElec    .         Reflect  .   b - +0 cloak
rCorr    .         Harm     .   (no gloves)
MR       +....                  l - +0 pair of boots (curse)
Stlth    ..........             (no amulet)
HPRegen  0.00/turn              x - ring of protection from fire
MPRegen  0.08/turn              (no ring)

@: mighty, lethally poisoned (-6 -> -6), non-regenerating
A: damage resistance, heal wounds, sense surroundings 2, no regeneration
a: Heal Wounds, Minor Destruction, Renounce Religion


You were on level 1 of the Lair of Beasts.
You worshipped Makhleb.
Makhleb was pleased with you.
You were not hungry.

You visited 3 branches of the dungeon, and saw 11 of its levels.

You collected 434 gold pieces.

Inventory:

Hand Weapons
 j - a +0 flail
 m - a +3 hand axe of electrocution
 A - a cursed +0 battleaxe of venom (weapon)
Missiles
 t - a throwing net (quivered)
Armour
 b - a +0 cloak (worn)
 f - a +0 shield
 l - a cursed +0 pair of boots (worn)
 p - a scarf of resistance
 v - a +0 plate armour (worn)
Jewellery
 x - a ring of protection from fire (left hand)
Scrolls
 g - 4 scrolls of remove curse
 i - 3 scrolls of teleportation
 y - a scroll of magic mapping
Potions
 d - 3 potions of might
 e - a potion of mutation
 h - 7 potions of curing
 k - a potion of brilliance
 n - 2 potions of agility
 o - 3 potions of heal wounds
 q - 3 potions of ambrosia
 r - a potion of invisibility
 s - a potion of flight
 u - a potion of haste
 w - a potion of degeneration {unknown}
Comestibles
 c - 9 rations


   Skills:
 + Level 6.8 Fighting
 * Level 10.8 Axes
 + Level 8.3 Armour
 + Level 4.9 Dodging
 + Level 8.2 Shields
 + Level 5.6 Invocations


You had 9 spell levels left.
You didn't know any spells.

Dungeon Overview and Level Annotations

Branches:
Dungeon (11/15)            Temple (1/1) D:7            Lair (1/6) D:11
    Orc: D:9-12

Altars:
Ashenzari
Dithmenos
Elyvilon
Fedhas
Gozag
Hepliaklqana
Kikubaaqudgha
Makhleb
Nemelex Xobeh
Okawaru
Qazlal
Ru
Sif Muna
Trog
Uskayaw
Vehumet
Xom


Innate Abilities, Weirdness & Mutations

You are resistant to damage.
You can heal yourself by infusing magical energy.
You passively map the area around you.
You do not regenerate.


Message History

A water moccasin comes into view.
You feel sick.
The water moccasin hisses angrily.
You take 2 damage, and have 15/92 hp.
You feel much better.
You feel sick.
You regained 27 hp, and now have 42/92 hp.
You feel much better.
You feel sick.
You regained 20 hp, and now have 62/92 hp.
You barely miss the water moccasin.
The water moccasin bites you but does no damage. x2
You slash the water moccasin!
The water moccasin is moderately wounded.
The water moccasin bites you but does no damage. x2
You closely miss the water moccasin.
The water moccasin is moderately wounded.
The water moccasin bites you but does no damage.
You miss the water moccasin.
The water moccasin is moderately wounded.
The water moccasin bites you but does no damage.
The water moccasin completely misses you.
You hit the water moccasin.
The water moccasin is heavily wounded.
The water moccasin completely misses you.
A water moccasin is nearby!
MP restored: 3 You slash the water moccasin!
You kill the water moccasin!
Makhleb accepts your kill.
You feel better.
You regained 8 hp, and now have 70/92 hp.
A six-headed hydra comes into view.
A six-headed hydra is nearby!
Found a stone staircase leading down.
The six-headed hydra bites you! The six-headed hydra bites you.
The six-headed hydra bites you but does no damage. x3
The six-headed hydra barely misses you.
A six-headed hydra is nearby!
You take 10 damage, and have 60/92 hp.
A six-headed hydra is nearby!
You can't unwield your weapon to draw a new one!
The six-headed hydra bites you but does no damage. x2
The six-headed hydra bites you.
The six-headed hydra completely misses you.
The six-headed hydra bites you! The six-headed hydra bites you.
You take 9 damage, and have 51/92 hp.
You feel very mighty all of a sudden. The six-headed hydra bites you!
The six-headed hydra bites you but does no damage.
The six-headed hydra bites you! The six-headed hydra misses you.
The six-headed hydra bites you.
The six-headed hydra bites you but does no damage.
You take 15 damage, and have 36/92 hp.
Unknown command.
You chop one of the six-headed hydra's heads off!
The five-headed hydra grows two more!
You slice the seven-headed hydra!!
The seven-headed hydra is moderately wounded.
The seven-headed hydra misses you. The seven-headed hydra bites you.
The seven-headed hydra bites you but does no damage.
The seven-headed hydra bites you!
The seven-headed hydra barely misses you.
The seven-headed hydra bites you!
* * * LOW HITPOINT WARNING * * *
The seven-headed hydra bites you but does no damage.
You take 14 damage, and have 22/92 hp.
Unknown command.
You hack one of the seven-headed hydra's heads off!
The six-headed hydra grows two more!
You slash the eight-headed hydra!
The eight-headed hydra is moderately wounded.
The eight-headed hydra bites you but does no damage. x6
The eight-headed hydra closely misses you.
The eight-headed hydra bites you but does no damage.
You slice one of the eight-headed hydra's heads off!
The seven-headed hydra grows two more!
You slash the nine-headed hydra!
The nine-headed hydra is heavily wounded.
The nine-headed hydra bites you but does no damage. x2
The nine-headed hydra bites you!
* * * LOW HITPOINT WARNING * * *
The nine-headed hydra bites you but does no damage.
The nine-headed hydra bites you!
* * * LOW HITPOINT WARNING * * *
The nine-headed hydra bites you.
* * * LOW HITPOINT WARNING * * *
The nine-headed hydra barely misses you. x2
The nine-headed hydra bites you.
* * * LOW HITPOINT WARNING * * *
You lop one of the nine-headed hydra's heads off!
The eight-headed hydra grows two more!
You slice the ten-headed hydra!!
The ten-headed hydra is severely wounded.
The ten-headed hydra bites you. The ten-headed hydra bites you!
* * * LOW HITPOINT WARNING * * *
The ten-headed hydra bites you.
* * * LOW HITPOINT WARNING * * *
The ten-headed hydra closely misses you.
The ten-headed hydra bites you but does no damage.
The ten-headed hydra bites you. The ten-headed hydra bites you!
You die...

* #...P# ,
##.#####....#########,
, ,
.....................,
* ,
.....................
,
,.....................
, ,,
.................... *
*
#.#.=.........######*
, , , *
##.............## *
#.......D@......# ,
*#......#...###....#*
* *....####...#
*#....#* , ...*
#...#** ..... ,, . ,
#...P# *##...,*** , ,
....... .. ,, , ,
......... ,, , , , ,
,........>. , ,,,, , ,
* , , * , ,


You could see a ten-headed hydra.

Vanquished Creatures
  2 ugly things (D:11)
  Psyche (D:11)
  2 spiny frogs (Lair:1)
  A komodo dragon (Lair:1)
  A troll (D:8)
  Grinder (D:6)
  Prince Ribbit (D:6)
  A hippogriff (D:8)
  A wyvern (D:11)
  6 yaks (D:11)
  Eustachio (D:5)
  A hungry ghost (D:11)
  A warg (D:11)
  2 water moccasins
  5 orc warriors
  A porcupine (Lair:1)
  A hornet zombie (D:11)
  A sky beast (D:11)
  2 phantoms
  2 ogres
  A centaur (D:5)
  A big kobold (D:7)
  2 bullfrogs
  4 wights (D:11)
  3 crimson imps
  A bullfrog zombie (D:6)
  6 hounds (D:6)
  Crazy Yiuf (D:6)
  3 orc priests
  3 jellies
  A bullfrog skeleton (D:6)
  4 worker ants
  2 iguanas (D:6)
  11 orc wizards
  2 hound skeletons
  A hound zombie (D:5)
  3 gnolls (D:8)
  3 adders
  2 oozes
  2 adder skeletons (D:4)
  5 worms (D:2)
  A dart slug (D:1)
  6 leopard geckos
  30 orcs
  4 bats (D:1)
  5 giant cockroaches
  4 goblins
  6 hobgoblins
  7 jackals
  7 kobolds
  2 quokkas
  4 ball pythons
  A frilled lizard (D:1)
  8 rats
180 creatures vanquished.

Vanquished Creatures (collateral kills)
  An orc wizard (D:11)
1 creature vanquished.

Vanquished Creatures (others)
  An orc wizard (D:8)
1 creature vanquished.

Grand Total: 182 creatures vanquished

Notes
Turn   | Place    | Note
-------+----------+-------------------------------------------
     0 | D:1      | Monsterracer the Deep Dwarf Fighter began the quest for the Orb.
     0 | D:1      | Reached XP level 1. HP: 20/20 MP: 1/1
   135 | D:1      | Reached XP level 2. HP: 22/27 MP: 2/2
   280 | D:1      | Reached XP level 3. HP: 25/33 MP: 3/3
   363 | D:1      | Reached skill level 3 in Axes
   669 | D:3      | Reached XP level 4. HP: 42/42 MP: 3/3
  1613 | D:5      | Entered Level 5 of the Dungeon
  1613 | D:5      | Found a hide-covered altar of Uskayaw.
  1615 | D:5      | Found an iron altar of Okawaru.
  1667 | D:5      | Reached skill level 4 in Axes
  1667 | D:5      | Reached XP level 5. HP: 34/49 MP: 4/4
  1736 | D:5      | Noticed a centaur
  1745 | D:5      | Killed a centaur
  1778 | D:5      | Found a radiant altar of Vehumet.
  1800 | D:5      | Found an opulent altar of Gozag.
  1884 | D:5      | Noticed a phantom
  1892 | D:5      | Killed a phantom
  1892 | D:5      | Reached XP level 6. HP: 38/57 MP: 4/4
  1908 | D:5      | Noticed Eustachio
  1921 | D:5      | Killed Eustachio
  1921 | D:5      | Reached skill level 5 in Axes
  2019 | D:5      | Reached XP level 7. HP: 60/64 MP: 4/4
  2052 | D:5      | Found a sacrificial altar of Ru.
  2107 | D:6      | Noticed Grinder
  2121 | D:6      | Reached skill level 5 in Armour
  2121 | D:6      | Reached skill level 5 in Shields
  2125 | D:6      | Killed Grinder
  2125 | D:6      | Reached skill level 6 in Axes
  2206 | D:6      | Found a runed door.
  2300 | D:6      | Noticed Prince Ribbit
  2325 | D:6      | Killed Prince Ribbit
  2325 | D:6      | Reached skill level 7 in Axes
  2325 | D:6      | Reached XP level 8. HP: 60/73 MP: 4/4
  2440 | D:6      | Reached skill level 5 in Fighting
  2663 | D:6      | Reached skill level 8 in Axes
  3131 | D:6      | Noticed Crazy Yiuf
  3134 | D:6      | Killed Crazy Yiuf
  3239 | D:7      | Found a staircase to the Ecumenical Temple.
  3266 | D:7      | Reached skill level 1 in Dodging
  3272 | Temple   | Entered the Ecumenical Temple
  3354 | Temple   | Became a worshipper of Makhleb the Destroyer
  3606 | D:8      | Gained mutation: You passively map the area around you. [Deep Dwarf growth]
  3606 | D:8      | Reached XP level 9. HP: 68/81 MP: 4/4
  3705 | D:8      | Noticed a troll
  3711 | D:8      | Killed a troll
  3711 | D:8      | Reached skill level 1 in Invocations
  4070 | D:8      | You fall through a shaft for 3 floors!
  4122 | D:11     | Reached skill level 9 in Axes
  4245 | D:11     | Noticed Psyche
  4256 | D:11     | Killed Psyche
  4324 | D:11     | Reached XP level 10. HP: 51/91 MP: 4/4
  4358 | D:11     | Reached * piety under Makhleb
  4443 | D:11     | Reached skill level 10 in Axes
  4479 | D:11     | Noticed a cyan ugly thing
  4487 | D:11     | Killed a cyan ugly thing
  4599 | D:11     | Noticed a red ugly thing
  4599 | D:11     | Found a staircase to the Lair.
  4613 | D:11     | Killed a red ugly thing
  4613 | D:11     | Reached skill level 5 in Invocations
  4631 | Lair:1   | Entered Level 1 of the Lair of Beasts
  4636 | Lair:1   | Noticed a spiny frog
  4649 | Lair:1   | Killed a spiny frog
  4649 | Lair:1   | Reached ** piety under Makhleb
  4666 | Lair:1   | Noticed a spiny frog
  4678 | Lair:1   | Killed a spiny frog
  4692 | Lair:1   | Noticed a six-headed hydra
  4703 | Lair:1   | HP: 4/92 [ten-headed hydra (4)]
  4703 | Lair:1   | HP: 1/92 [ten-headed hydra (3)]
  4703 | Lair:1   | Mangled by a ten-headed hydra

Skill      XL: |  1  2  3  4  5  6  7  8  9 10 |
---------------+-------------------------------+-----
Fighting       | 3 4 5 6 |  6.8
Axes           | 3 4 5 7 8 9 10 | 10.8
Armour         | 4 5 6 7 8 |  8.3
Shields        | 4 5 6 7 8 |  8.2
Dodging        | 1 3 4 |  4.9
Invocations    | 3 5 |  5.6

Action                   |  1- 3 |  4- 6 |  7- 9 | 10-12 || total
-------------------------+-------+-------+-------+-------++-------
Melee: War axe           |    61 |       |       |       ||    61
       Hand axe          |    31 |    76 |   301 |    66 ||   474
       Battleaxe         |       |       |       |    83 ||    83
 Abil: Heal Wounds       |     2 |     2 |    10 |     9 ||    23
  Use: Scroll            |       |     5 |    10 |     3 ||    18
       Potion            |       |       |       |     1 ||     1
  Eat: Chunk             |       |     3 |     8 |     1 ||    12
       Ration            |       |       |       |     2 ||     2
Armor: Scale mail        |    40 |    23 |    60 |       ||   123
       Plate armour      |       |       |    49 |    99 ||   148
Dodge: Dodged            |    26 |    17 |    69 |    60 ||   172
Block: Shield            |    53 |    23 |   137 |    28 ||   241

Vault maps used:
D:1:      evilmike_arrival_rings
D:2:      marbit_many_paths, minivault_24, minmay_tromino_v4_a
D:3:      first_ration
D:5:      kennysheep_mini, nicolae_ru_great_annihilating_truth,
          nicolae_gozag_cash_rules_everything_around_me, old_standard_altar,
          basic_altar, kennysheep_nub, uniq_eustachio
D:6:      uniq_crazy_yiuf_cottage, uniq_prince_ribbit1, uniq_grinder
D:7:      minmay_temple_entry_grid, lightli_minifort
D:11:     erik_lair_orcish_takeover, uniq_maurice, uniq_psyche
Temple:   minmay_crystal_spiral_temple
